 Dungeon Sprint DCSS version 0.21-a0-349-g0c35859 (webtiles) character file.

91 Kidiri the Cudgeler (level 4, -13/40 HPs)
             Began as a Draconian Gladiator on Oct 7, 2017.
             Was an Initiate of Trog.
             Mangled by a two-headed ogre
             ... wielding a +0 giant spiked club
              (26 damage)
             ... in the Dungeon (Sprint IX: "|||||||||||||||||||||||||||||").
             The game lasted 00:02:48 (294 turns).

Kidiri the Cudgeler (Draconian Gladiator)            Turns: 294, Time: 00:02:49

Health: -13/40     AC:  7    Str: 27    XL:     4   Next: 34%
Magic:  4/4        EV: 16    Int: 11    God:    Trog [......]
Gold:   0          SH:  0    Dex: 20    Spells: 3/3 levels left

rFire    . . .     SeeInvis .   a - +2 morningstar "Nodewylo" {venom, MR- Str+7 Dex+7}
rCold    . . .     Gourm    .   (no shield)
rNeg     . . .     Faith    .   (armour unavailable)
rPois    .         Spirit   .   b - +0 hat
rElec    .         Reflect  .   o - +0 cloak
rCorr    .         Harm     .   p - +0 pair of gloves
MR       .....     NoTele   +   (no boots)
Stlth    ++........             (no amulet)
HPRegen  0.13/turn              k - +3 ring of strength
MPRegen  0.09/turn              q - +3 ring of intelligence

@: very slightly contaminated
A: unfitting armour, cold-blooded, AC +5
a: Burn Spellbooks, Renounce Religion


You were in the Dungeon.
You worshipped Trog.
Trog was noncommittal.
You were not hungry.

You visited 1 branch

Inventory:

Hand Weapons
 a - the +2 morningstar "Nodewylo" (weapon) {venom, MR- Str+7 Dex+7}
   (You found it in the Dungeon)

   It poisons the flesh of those it strikes.
   It affects your strength (+7).
   It affects your dexterity (+7).
   It affects your resistance to hostile enchantments.
Missiles
 c - a throwing net (quivered)
Armour
 b - a +0 hat (worn)
 o - a +0 cloak (worn)
 p - a +0 pair of gloves (worn)
Jewellery
 k - a +3 ring of strength (left hand)
 q - a +3 ring of intelligence (right hand)
Wands
 n - a wand of lightning (5/15)
Scrolls
 j - a scroll of blinking
 m - 3 scrolls of remove curse
Potions
 e - 5 potions of curing
 f - a potion of invisibility
 g - a potion of haste
 h - 4 potions of magic
 i - a potion of berserk rage
 l - a potion of heal wounds
Comestibles
 d - a bread ration


   Skills:
 * Level 3.8 Fighting
 * Level 6.2 Maces & Flails
 * Level 2.9 Throwing
 * Level 5.2 Dodging
 - Level 1.5 Stealth
 + Level 0.0 Evocations


You had 3 spell levels left.
You didn't know any spells.

Dungeon Overview and Level Annotations

Branches:
Dungeon (1/1)

Altars:
Cheibriados
Dithmenos
Elyvilon
Fedhas
Gozag
Hepliaklqana
Kikubaaqudgha
Makhleb
Nemelex Xobeh
Okawaru
Qazlal
Ru
Sif Muna
Trog
Uskayaw
Vehumet
Wu Jian
Xom
Yredelemnul
Zin
The Shining One
Beogh
Jiyva
Lugonu


Innate Abilities, Weirdness & Mutations

Your plain brown scales are hard. (AC +5)
You cannot fit into any form of body armour.
You are cold-blooded and may be slowed by cold attacks.


Message History

The two-headed ogre is heavily wounded.
The bolt of lightning hits the wraith.
The wraith is lightly damaged.
This wand has 6 charges left.
Evoke which item? (* to show all) (? for menu, Esc to quit)
Aiming: Lightning Bolt
Press: ? - help, Shift-Dir - straight line, f/p - phantom
Aim: a phantom (moderately damaged)
You hear a mighty clap of thunder!
The bolt of lightning misses the phantom.
The bolt of lightning hits the two-headed ogre.
The two-headed ogre is severely wounded.
The bolt of lightning misses the wraith.
This wand has 5 charges left.
The phantom blinks!
Unknown command.
Press < or > to pray at altars.
The two-headed ogre hits you with a giant spiked club!
The two-headed ogre hits you with a giant spiked club!!
Ouch! That really hurt!
You die... ▓▓▓▓▓▓▓▓▓▓▓▓▓▓▓▓▓▓▓▓▓▓▓▓▓▓▓▓▓▓▓▓▓ ______________W_@OW?Z)..[..§.§WZ. ▓▓▓▓▓▓▓▓▓▓▓▓▓▓▓▓▓▓▓▓▓▓▓▓▓▓▓▓▓▓▓▓▓

You could see a two-headed ogre, a phantom, a wraith and a bat zombie.

Vanquished Creatures
  3 worker ants (D)
  An adder (D)
  A worm (D)
  A dart slug (D)
  A goblin (D)
  A ball python skeleton (D)
  A ball python zombie (D)
  3 kobolds (D)
12 creatures vanquished.

Notes
Turn   | Place    | Note
-------+----------+-------------------------------------------
     0 | D        | Kidiri the Draconian Gladiator began the quest for the Orb.
     0 | D        | Reached XP level 1. HP: 17/17 MP: 1/1
   147 | D        | Noticed a worker ant
   147 | D        | Noticed a worker ant
   153 | D        | Killed a worker ant
   153 | D        | Reached skill level 4 in Maces & Flails
   153 | D        | Reached XP level 2. HP: 26/26 MP: 2/2
   153 | D        | Reached XP level 3. HP: 31/31 MP: 3/3
   157 | D        | Reached skill level 5 in Maces & Flails
   183 | D        | Reached skill level 1 in Stealth
   183 | D        | Reached XP level 4. HP: 30/39 MP: 4/4
   188 | D        | Found a roughly hewn altar of Beogh.
   188 | D        | Found a snail-covered altar of Cheibriados.
   188 | D        | Found a shadowy altar of Dithmenos.
   188 | D        | Found a white marble altar of Elyvilon.
   188 | D        | Found a blossoming altar of Fedhas.
   188 | D        | Found an opulent altar of Gozag.
   189 | D        | Found a hazy altar of Hepliaklqana.
   190 | D        | Found a viscous altar of Jiyva.
   191 | D        | Found an ancient bone altar of Kikubaaqudgha.
   192 | D        | Found a corrupted altar of Lugonu.
   193 | D        | Found a burning altar of Makhleb.
   194 | D        | Found a sparkling altar of Nemelex Xobeh.
   195 | D        | Found an iron altar of Okawaru.
   196 | D        | Found a stormy altar of Qazlal.
   197 | D        | Found a sacrificial altar of Ru.
   198 | D        | Found a deep blue altar of Sif Muna.
   199 | D        | Found a bloodstained altar of Trog.
   200 | D        | Found a hide-covered altar of Uskayaw.
   201 | D        | Found a radiant altar of Vehumet.
   202 | D        | Found an ornate altar of the Wu Jian Council.
   203 | D        | Found a shimmering altar of Xom.
   204 | D        | Found a basalt altar of Yredelemnul.
   205 | D        | Found a glowing silver altar of Zin.
   206 | D        | Found a glowing golden altar of the Shining One.
   207 | D        | Became a worshipper of Trog the Wrathful
   227 | D        | Got the +2 morningstar "Nodewylo" {venom, MR- Str+7 Dex+7}
   275 | D        | Noticed a two-headed ogre
   275 | D        | Noticed a phantom
   275 | D        | Noticed a wraith
   277 | D        | Reached skill level 6 in Maces & Flails
   277 | D        | Reached skill level 5 in Dodging
   294 | D        | Mangled by a two-headed ogre

Vault maps used:
D:        linesprint

Skill      XL: |  1  2  3  4 |
---------------+-------------+-----
Dodging        | 4 5 |  5.2
Throwing       | 2 |  2.9
Fighting       | 3 |  3.8
Maces & Flails | 4 5 6 |  6.2
Stealth        | 1 |  1.5

Action                   |  1- 3 |  4- 6 || total
-------------------------+-------+-------++-------
Melee: Flail             |    50 |       ||    50
       Tailslap          |     9 |     4 ||    13
       Morningstar       |       |     7 ||     7
Throw: Throwing net      |     2 |       ||     2
Evoke: Wand              |       |     2 ||     2
  Use: Potion            |     1 |     1 ||     2
       Scroll            |       |     1 ||     1
 Stab: Held in net/web   |     2 |       ||     2
Armor: Skin              |     7 |     1 ||     8
Dodge: Dodged            |    33 |     2 ||    35

Table legend:
 A = Spawn XP
 B = Non-spawn XP
 C = Spawn XP percentage of total XP
 D = Spawn monster count
 E = Non-spawn monster count
 F = Spawn count percentage of total count
 G = Total turns spent on level
                    A         B        C        D         E        F      G
               +---------+---------+-------+---------+---------+-------+---------
         Total |       0 |     131 |   0.0 |       0 |      12 |   0.0 |   294
               +---------+---------+-------+---------+---------+-------+---------
             D |       0 |     131 |   0.0 |       0 |      12 |   0.0 |   294
               +---------+---------+-------+---------+---------+-------+---------
